 Dungeon Crawl Stone Soup version 0.21.0-3-g78d12a8 (webtiles) character file.

168660 Faca the Bludgeoner (level 17, -2/113 HPs)
             Began as a Gargoyle Fighter on Jan 9, 2018.
             Was the Champion of Okawaru.
             Killed from afar by a shock serpent (5 damage)
             ... with a bolt of electricity
             ... on level 4 of the Snake Pit.
             The game lasted 01:22:43 (35081 turns).

Faca the Bludgeoner (Gargoyle Fighter)             Turns: 35081, Time: 01:22:45

Health: -2/113     AC: 49    Str: 26    XL:     17   Next: 95%
Magic:  0/17       EV:  6    Int:  9    God:    Okawaru [******]
Gold:   2063       SH: 17    Dex: 16    Spells: 16/16 levels left

rFire    . . .     SeeInvis .   j - +6 eveningstar (flame)
rCold    . . .     Gourm    .   E - +2 shield
rNeg     + . .     Faith    .   c - +2 crystal plate armour
rPois    ∞         Spirit   +   v - +1 helmet
rElec    +         Reflect  .   w - +1 cloak {+Inv}
rCorr    .         Harm     .   m - +2 pair of gloves {Str+3}
MR       ++...                  e - +0 pair of boots
Stlth    ..........             C - amulet of guardian spirit
HPRegen  0.28/turn              G - +3 ring of dexterity
MPRegen  0.15/turn              F - ring of protection from magic

@: no status effects
A: big wings, negative energy resistance 1, electricity resistance, unbreathing,
petrification resistance, rot immunity, AC +12
a: Fly, Heroism, Finesse, Renounce Religion, Evoke Invisibility


You were on level 4 of the Snake Pit.
You worshipped Okawaru.
Okawaru was exalted by your worship.
You were not hungry.

You visited 5 branches of the dungeon, and saw 28 of its levels.
You also visited: Labyrinth.

You collected 3029 gold pieces.
You spent 966 gold pieces at shops.

Inventory:

Hand Weapons
 j - a +6 eveningstar of flaming (weapon)
 B - the +9 hand axe of the Maze {freeze, Int-3 Dex+8}
   (You found it on level 13 of the Dungeon)

   It has been specially enchanted to freeze those struck by it, causing extra
   injury to most foes and up to half again as much damage against particularly
   susceptible opponents.
   It can also slow down cold-blooded creatures.
   It affects your intelligence (-3).
   It affects your dexterity (+8).
Armour
 c - a +2 crystal plate armour (worn)
 e - a +0 pair of boots (worn)
 m - a +2 pair of gloves of strength (worn)
 v - a +1 helmet (worn)
 w - a +1 cloak of invisibility (worn)
 E - a +2 shield (worn)
 K - the +3 large shield "Abyss" {Int+7}
   (You took it off Louise on level 3 of the Snake Pit)

   It affects your intelligence (+7).
 L - a +2 plate armour of fire resistance
Jewellery
 k - an uncursed ring of resist corrosion
 p - an uncursed ring of see invisible
 C - an amulet of guardian spirit (around neck)
 F - a ring of protection from magic (right hand)
 G - a +3 ring of dexterity (left hand)
Wands
 a - a wand of disintegration (17)
Scrolls
 b - 3 scrolls of magic mapping
 d - 10 scrolls of remove curse
 h - 2 scrolls of fog
 l - 12 scrolls of teleportation
 x - a scroll of brand weapon
 y - 3 scrolls of blinking
 A - 4 scrolls of fear
 D - a scroll of summoning
 H - a scroll of enchant armour
 J - a scroll of immolation
Potions
 g - 4 potions of brilliance
 i - 16 potions of curing
 n - a potion of invisibility
 o - a potion of cancellation
 q - 2 potions of berserk rage
 r - 6 potions of agility
 s - 2 potions of haste
 t - 6 potions of might
 u - 3 potions of ambrosia
 z - 2 potions of mutation
 I - a potion of heal wounds
Comestibles
 f - 9 rations
 M - a chunk of flesh


   Skills:
 + Level 15.5 Fighting
 * Level 19.0 Maces & Flails
 + Level 15.5 Armour
 + Level 15.5 Shields


You had 16 spell levels left.
You didn't know any spells.

Dungeon Overview and Level Annotations

Branches:
Dungeon (15/15)            Temple (1/1) D:4            Lair (6/6) D:10
 Shoals (0/4) Lair:3        Snake (4/4) Lair:3        Slime (0/5) Lair:5
    Orc (2/2) D:12            Elf (0/3) Orc:2        Vaults (0/5) D:14
 Depths (0/5) D:15

Altars:
Ashenzari
Cheibriados
Dithmenos
Elyvilon
Fedhas
Gozag
Hepliaklqana
Kikubaaqudgha
Makhleb
Nemelex Xobeh
Okawaru
Qazlal
Ru
Sif Muna
Trog
Uskayaw
Vehumet
Wu Jian
Xom
Yredelemnul
Zin
The Shining One
Beogh
Jiyva

Shops:
D:4 %   D:7 *   D:9 !   Orc:1 [   Orc:2 (}(}   Snake:3 ==}

Annotations:
D:10 Fannar
Lair:2 exclusion: oklob plant
Lair:5 lagggg


Innate Abilities, Weirdness & Mutations

You are resistant to torment.
Your stone body is resilient. (AC +12)
You are immune to poison.
Your large and strong wings let you fly indefinitely.
You resist negative energy. (rN+)
You are resistant to electric shocks. (rElec)
You can survive without breathing.
You are immune to petrification.
You are immune to rotting.


Message History

Your guardian serpent casts a spell at the shock serpent.
The bolt of poison hits your black mamba.
Your black mamba is poisoned.
The bolt of poison misses the shock serpent.
Your black mamba bites the shock serpent!
The shock serpent's electric aura discharges, shocking your black mamba!
The shock serpent shoots out a bolt of lightning at you!
The bolt of electricity hits you! The bolt of electricity hits your naga.
The shock serpent bites your black mamba.
Your black mamba dies!
Your black mamba's corpse dissolves into shadows!
Items here: ))) [ †† The shock serpent shoots out a bolt of lightning at you!
The bolt of electricity misses your guardian serpent.
The bolt of electricity hits the shock serpent.
The shock serpent completely resists.
The bolt of electricity hits you! You resist.
* * * LOW HITPOINT WARNING * * *
The bolt of electricity hits you! You resist.
You die...

,,,** ###############..####.)..##
*,,,* ##.# #.[.(# *,,,**
##########.## #..)(# ,*,*,*
#......)##..# #..).# *,,,**
*****#......†....###...<#
*,*,****,,,*#.......###..##....#
*,,,,**.###,####+#### #..##....#
,,,,,**.....*###.######...##+####
,,,,,*,......#†#@##.......##.##..
,,,,,+,≈≈≈≈≈.SSSN##........).....
,,,,,*,≈≈≈≈≈.†SSN##.......÷#.##..
,,,,,+,≈≈≈≈≈.'.NN........#.#.##..
,,,,,*,......#.#########.#.#.....
,,,,,**.....############.#...###.
*,,,,**.###.* #..........##..#.))
*,*,****,,.** #.###########..#.#)
*,,,** **##* #.# #......#.#)


You could see 2 shock serpents, a friendly naga warrior, a friendly shock
serpent, a friendly guardian serpent, a friendly black mamba and 3 friendly
nagas.

Vanquished Creatures
  Vashnia (Snake:3)
  Nikola (Snake:3)
  Rupert (D:13)
  Gastronok (Lair:1)
  5 nagarajas
  2 frost giants (D:13)
  Louise (Snake:3)
  Snorg (D:11)
  2 fire dragons
  A minotaur (Lab)
  A yaktaur captain (D:15)
  A great orb of eyes (D:13)
  3 centaur warriors
  5 hydras
  7 two-headed ogres
  10 naga warriors
  7 anacondas
  2 dancing weapons (D:14)
  Erica (D:10)
  A deep troll earth mage (D:13)
  The ghost of Jackthecabe the Fighter, a novice OpTm of Wu Jian (D:12)
  Urug (D:11)
  Sonja (Lair:2)
  6 shock serpents
  Nergalle (D:10)
  15 naga sharpshooters
  An unseen horror (D:13)
  3 salamander mystics
  4 skeletal warriors (D:15)
  4 sea snakes (Snake:4)
  6 orc knights
  3 naga ritualists
  3 deep elf magi
  7 mana vipers
  2 wolf spider zombies (D:14)
  6 manticores
  8 ugly things
  14 salamanders
  3 cyclopes
  A centaur zombie (D:11)
  9 elephants
  34 black mambas
  21 naga magi
  5 guardian serpents
  15 spiny frogs
  6 yaktaurs
  3 gargoyles
  2 kobold demonologists
  11 komodo dragons
  A queen bee (shapeshifter) (D:14)
  A queen bee (D:9)
  3 tyrant leeches (Lair:6)
  12 trolls
  A jumping spider (D:15)
  4 slime creatures
  35 blink frogs
  10 hippogriffs
  2 redbacks (D:15)
  5 wraiths
  2 vampires
  A centaur simulacrum (D:14)
  4 wyverns
  21 yaks
  A hog (shapeshifter) (D:13)
  5 hungry ghosts
  A golden eye (shapeshifter) (D:13)
  A basilisk (shapeshifter) (D:15)
  8 vampire mosquitoes
  13 wargs
  4 acid dragons
  52 nagas
  A soldier ant (D:15)
  12 water moccasins
  3 porcupines
  Duvessa (D:4)
  A meliai simulacrum (D:15)
  38 orc warriors
  A black bear (D:13)
  4 ice beasts
  2 sky beasts
  An eye of draining (D:14)
  A tengu (shapeshifter) (D:13)
  8 ogres
  A necrophage (D:7)
  10 wolves
  10 centaurs
  12 crocodiles
  7 big kobolds
  34 bullfrogs
  A wyvern zombie (D:14)
  A wyvern skeleton (D:14)
  A scorpion (D:12)
  Dowan (D:4)
  32 killer bees
  15 wights
  6 electric eels
  2 howler monkeys
  5 crimson imps
  3 bullfrog zombies
  4 hounds
  10 orc priests
  3 jellies
  3 quasits
  3 bullfrog skeletons
  5 centaur skeletons
  Jessica (D:2)
  7 iguanas
  19 orc wizards
  12 worker ants
  A killer bee zombie (D:7)
  The ghost of Wurmy the Skirmisher, a weakling DsFi (D:4)
  A hound zombie (D:10)
  Robin (D:4)
  7 gnolls
  6 adders
  6 shadow imps
  2 adder skeletons
  2 adder zombies (D:9)
  2 worms
  3 dart slugs
  3 leopard geckos
  102 orcs
  6 giant cockroaches
  18 goblins
  8 hobgoblins
  9 jackals
  32 kobolds
  3 quokkas
  2 ball pythons (D:2)
  9 bats
  8 frilled lizards
  A leopard gecko zombie (D:8)
  10 rats
961 creatures vanquished.

Vanquished Creatures (collateral kills)
  An anaconda (Snake:4)
  A shock serpent (Snake:4)
  A spiny frog (Lair:5)
  A komodo dragon (Lair:5)
  A tyrant leech (Lair:5)
  2 vampire mosquitoes (Lair:5)
7 creatures vanquished.

Vanquished Creatures (others)
  14 fungi
  49 plants (Lair:6)
63 creatures vanquished.

Grand Total: 1031 creatures vanquished

Notes
Turn   | Place    | Note
-------+----------+-------------------------------------------
     0 | D:1      | Faca the Gargoyle Fighter began the quest for the Orb.
     0 | D:1      | Reached XP level 1. HP: 14/14 MP: 1/1
   106 | D:1      | Reached XP level 2. HP: 19/19 MP: 2/2
   145 | D:1      | Reached XP level 3. HP: 11/23 MP: 3/3
  1182 | D:2      | Reached XP level 4. HP: 19/29 MP: 4/4
  1832 | D:2      | Reached skill level 3 in Maces & Flails
  2006 | D:2      | Noticed Jessica
  2015 | D:2      | Killed Jessica
  2015 | D:2      | Reached XP level 5. HP: 23/33 MP: 5/5
  2434 | D:3      | Found a shattered altar of Ashenzari.
  2637 | D:4      | Noticed Dowan
  2661 | D:4      | Killed Dowan
  2661 | D:4      | Reached XP level 6. HP: 36/39 MP: 6/6
  2754 | D:4      | Noticed a phantom
  2774 | D:4      | Noticed Duvessa
  2790 | D:4      | Noticed Robin
  2881 | D:4      | Got a crystal long sword
  2882 | D:4      | Identified the +10 long sword of Diet Blood {slice, rF++} (You found it on level 4 of the Dungeon)
  2917 | D:4      | Reached skill level 4 in Maces & Flails
  2959 | D:4      | Found Xyxizimupp's Food Boutique.
  3019 | D:4      | Killed Robin
  3146 | D:4      | Found a staircase to the Ecumenical Temple.
  3147 | D:4      | Noticed Wurmy's ghost (weakling DsFi)
  3161 | D:4      | Killed Wurmy's ghost
  3165 | Temple   | Entered the Ecumenical Temple
  3262 | Temple   | Became a worshipper of Warmaster Okawaru
  3469 | D:4      | Found a hide-covered altar of Uskayaw.
  3469 | D:4      | Found a sacrificial altar of Ru.
  3469 | D:4      | Found a stormy altar of Qazlal.
  3469 | D:4      | Found a hazy altar of Hepliaklqana.
  3476 | D:4      | Found a basalt altar of Yredelemnul.
  3476 | D:4      | Found a glowing golden altar of the Shining One.
  3597 | D:4      | Killed Duvessa
  3597 | D:4      | Reached skill level 5 in Armour
  3597 | D:4      | Reached XP level 7. HP: 30/44 MP: 7/7
  3878 | D:5      | Entered Level 5 of the Dungeon
  4718 | D:6      | Found a blossoming altar of Fedhas.
  4719 | D:6      | Found an ancient bone altar of Kikubaaqudgha.
  4745 | D:6      | Reached skill level 5 in Fighting
  4782 | D:6      | Reached skill level 5 in Maces & Flails
  4782 | D:6      | Reached skill level 5 in Shields
  5288 | D:7      | Found a shadowy altar of Dithmenos.
  5315 | D:7      | Noticed a hippogriff
  5326 | D:7      | Killed a hippogriff
  5326 | D:7      | Reached * piety under Okawaru
  5326 | D:7      | Reached XP level 8. HP: 23/50 MP: 8/8
  5493 | D:7      | Reached skill level 6 in Maces & Flails
  5724 | D:7      | Found Zin's Purification Station.
  5732 | D:7      | Found a glowing silver altar of Zin.
  6233 | D:8      | Reached ** piety under Okawaru
  6263 | D:8      | Reached skill level 7 in Maces & Flails
  6274 | D:8      | Noticed a wyvern
  6296 | D:8      | Reached XP level 9. HP: 50/56 MP: 9/9
  7153 | D:8      | Reached skill level 8 in Maces & Flails
  7546 | D:9      | Noticed a two-headed ogre
  7610 | D:9      | Reached *** piety under Okawaru
  7878 | D:9      | Found Irops's Distillery.
  7976 | D:9      | Noticed a queen bee
  8073 | D:9      | Reached XP level 10. HP: 57/63 MP: 10/10
  8155 | D:9      | Reached skill level 9 in Maces & Flails
  8256 | D:10     | Entered Level 10 of the Dungeon
  8319 | D:10     | Reached **** piety under Okawaru
  8539 | D:10     | Noticed Fannar
  8752 | D:9      | Killed a two-headed ogre
  9235 | D:9      | Reached skill level 10 in Maces & Flails
  9537 | D:10     | Found a staircase to the Lair.
  9574 | D:10     | Reached ***** piety under Okawaru
  9733 | D:10     | Noticed Erica
  9755 | D:10     | Killed Erica
  9755 | D:10     | Reached XP level 11. HP: 53/69 MP: 11/11
 10308 | D:10     | Noticed Nergalle
 10323 | D:10     | Noticed a spectral orc warlord
 10347 | D:10     | Killed Nergalle
 10729 | Lair:1   | Entered Level 1 of the Lair of Beasts
 11338 | Lair:1   | Noticed Gastronok
 11354 | Lair:1   | Killed Gastronok
 11354 | Lair:1   | Reached ****** piety under Okawaru
 11354 | Lair:1   | Reached skill level 11 in Maces & Flails
 11355 | Lair:1   | Received a gift from Okawaru
 11356 | Lair:1   | Got an ivory great mace {god gift}
 11903 | Lair:1   | Got an ichor-stained chain mail
 11914 | Lair:1   | Identified the +2 chain mail of Nemelex Xobeh's Hope {rF+ Int+7 Stlth+} (You found it on level 1 of the Lair of Beasts)
 12324 | Lair:2   | Noticed an oklob plant
 13313 | Lair:3   | Noticed Sonja
 13453 | Lair:2   | Reached skill level 10 in Armour
 13466 | Lair:2   | Reached XP level 12. HP: 22/77 MP: 12/12
 13767 | Lair:3   | Paralysed by Sonja for 5 turns
 13790 | Lair:2   | Killed Sonja
 13790 | Lair:2   | Received a gift from Okawaru
 13790 | Lair:2   | Reached skill level 10 in Fighting
 13790 | Lair:2   | Reached skill level 12 in Maces & Flails
 13790 | Lair:2   | Reached skill level 10 in Shields
 13961 | Lair:3   | Found a staircase to the Snake Pit.
 14141 | Lair:3   | Found a staircase to the Shoals.
 15960 | Lair:4   | Noticed an eight-headed hydra
 15977 | Lair:4   | Killed an eight-headed hydra
 16585 | Lair:5   | Found a viscous altar of Jiyva.
 16585 | Lair:5   | Found a staircase to the Slime Pits.
 16677 | Lair:5   | Received a gift from Okawaru
 16677 | Lair:5   | Reached skill level 13 in Maces & Flails
 17358 | Lair:6   | Entered Level 6 of the Lair of Beasts
 17759 | Lair:5   | Reached XP level 13. HP: 45/84 MP: 13/13
 18249 | Lair:5   | Received a gift from Okawaru
 18912 | Lair:5   | Reached skill level 14 in Maces & Flails
 19737 | Lair:6   | Received a gift from Okawaru
 19852 | Lair:6   | Gained mutation: Your large and strong wings let you fly indefinitely. [Gargoyle growth]
 19852 | Lair:6   | Reached XP level 14. HP: 92/92 MP: 14/14
 20054 | Lair:6   | Identified Huho's Compendium of Conjuration
 20386 | D:11     | Got a warped platinum amulet
 20723 | D:11     | Identified the amulet "Ufual" {Faith Int+5 Dex+9 Slay-4} (You found it on level 11 of the Dungeon)
 20726 | D:11     | Noticed Urug
 20744 | D:11     | Killed Urug
 21275 | D:11     | Noticed Snorg
 21290 | D:11     | Killed Snorg
 21675 | D:12     | Found a labyrinth entrance.
 21702 | Lab      | Entered a labyrinth
 22033 | Lab      | Reached skill level 15 in Maces & Flails
 22242 | D:12     | Noticed Jackthecabe's ghost (novice OpTm)
 22254 | D:12     | Killed Jackthecabe's ghost
 22744 | D:12     | Found a staircase to the Orcish Mines.
 22782 | Orc:1    | Entered Level 1 of the Orcish Mines
 22864 | Orc:1    | Found a roughly hewn altar of Beogh.
 22994 | Orc:1    | Found Taymich's Antique Armour Shop.
 23033 | Orc:1    | Received a gift from Okawaru
 23068 | Orc:1    | Got a brightly glowing mace {god gift}
 23069 | Orc:1    | Identified the +1 mace "Spiderbane" {venom, Str+3} (Okawaru gifted it to you on level 1 of the Orcish Mines)
 23496 | Orc:2    | Entered Level 2 of the Orcish Mines
 24111 | Orc:2    | Found Bamil's Antique Weapon Shop.
 24111 | Orc:2    | Found Gurory's Gadget Shoppe.
 24796 | Orc:2    | Found a roughly hewn altar of Beogh.
 24853 | Orc:2    | Found a staircase to the Elven Halls.
 24958 | Orc:2    | Found Wirouniun's Weapon Shop.
 24958 | Orc:2    | Found Keimuser's Gadget Shoppe.
 25528 | Orc:1    | Bought a shiny plate armour for 728 gold pieces
 25582 | Orc:2    | Bought a twisted flail for 238 gold pieces
 25582 | Orc:2    | Identified the cursed +3 flail "Luuplyoz" {chaos, Fragile +Inv Dex+3 SInv} (You bought it in a shop on level 2 of the Orcish Mines)
 25893 | D:13     | Reached XP level 15. HP: 98/98 MP: 15/15
 25999 | D:13     | Received a gift from Okawaru
 26288 | D:13     | Reached skill level 16 in Maces & Flails
 26404 | D:13     | Noticed a frost giant
 26416 | D:13     | Killed a frost giant
 26416 | D:13     | Received a gift from Okawaru
 27130 | D:13     | Noticed a frost giant
 27142 | D:13     | Killed a frost giant
 27471 | D:14     | Found a gate to the Vaults.
 27561 | D:14     | Received a gift from Okawaru
 27880 | D:13     | Noticed Rupert
 27896 | D:13     | Paralysed by Rupert for 3 turns
 27922 | D:13     | Killed Rupert
 28168 | D:13     | Got a scorched hand axe
 28169 | D:13     | Identified the +9 hand axe of the Maze {freeze, Int-3 Dex+8} (You found it on level 13 of the Dungeon)
 28365 | D:14     | Received a gift from Okawaru
 28616 | D:15     | Entered Level 15 of the Dungeon
 29352 | D:15     | Found a staircase to the Depths.
 29356 | D:15     | Reached skill level 17 in Maces & Flails
 29356 | D:15     | Reached XP level 16. HP: 105/105 MP: 16/16
 29867 | Snake:1  | Entered Level 1 of the Snake Pit
 30478 | Snake:1  | Received a gift from Okawaru
 30895 | Snake:1  | Received a gift from Okawaru
 32359 | Snake:2  | Received a gift from Okawaru
 32828 | Snake:3  | Noticed a nagaraja
 32845 | Snake:3  | Killed a nagaraja
 32847 | Snake:3  | Reached skill level 18 in Maces & Flails
 32884 | Snake:3  | Noticed a nagaraja
 32905 | Snake:3  | Killed a nagaraja
 32905 | Snake:3  | Received a gift from Okawaru
 33095 | Snake:3  | Reached XP level 17. HP: 112/112 MP: 17/17
 33137 | Snake:3  | Noticed Louise
 33168 | Snake:3  | Killed Louise
 33170 | Snake:3  | Got a dazzling large shield
 33271 | Snake:3  | Identified the +3 large shield "Abyss" {Int+7} (You took it off Louise on level 3 of the Snake Pit)
 33367 | Snake:3  | Noticed Vashnia
 33433 | Snake:3  | Killed Vashnia
 33460 | Snake:3  | Reached skill level 15 in Fighting
 33460 | Snake:3  | Reached skill level 15 in Armour
 33493 | Snake:3  | Reached skill level 15 in Shields
 33723 | Snake:3  | Found Foeh's Jewellery Boutique.
 33724 | Snake:3  | Found Lufol's Gadget Shoppe.
 33725 | Snake:3  | Found Mischepn's Jewellery Boutique.
 33764 | Snake:3  | Noticed Nikola
 33790 | Snake:3  | Killed Nikola
 34028 | Snake:4  | Entered Level 4 of the Snake Pit
 34165 | Snake:4  | Received a gift from Okawaru
 34442 | Snake:4  | Received a gift from Okawaru
 35052 | Snake:4  | Reached skill level 19 in Maces & Flails
 35081 | Snake:4  | HP: 3/113 [shock serpent/bolt of electricity (7)]
 35081 | Snake:4  | Killed from afar by a shock serpent

Skill      XL: |  1  2  3  4  5  6  7  8  9 10 11 12 13 14 15 16 17 |
---------------+----------------------------------------------------+-----
Armour         | 4 5 6 7 8 10 11 12 13 14 15 | 15.5
Maces & Flails | 3 4 5 7 8 10 11 13 14 15 17 18 19 | 19.0
Shields        | 4 5 6 7 8 9 11 12 13 14 15 | 15.5
Fighting       | 4 5 6 7 8 9 11 12 13 14 15 | 15.5

Action                   |  1- 3 |  4- 6 |  7- 9 | 10-12 | 13-15 | 16-18 || total
-------------------------+-------+-------+-------+-------+-------+-------++-------
Melee: Flail             |   145 |   241 |   590 |  1054 |       |       ||  2030
       Eveningstar       |       |       |       |    45 |  1642 |   889 ||  2576
Invok: Heroism           |       |       |       |     3 |       |       ||     3
 Abil: Fly               |       |       |       |       |     1 |       ||     1
       Stop Flying       |       |       |       |       |     1 |       ||     1
  Use: Potion            |     1 |       |     3 |     2 |     1 |     1 ||     8
       Scroll            |     3 |     8 |     7 |     5 |    16 |     6 ||    45
  Eat: Chunk             |     1 |     1 |     2 |     7 |     6 |     3 ||    20
       Ration            |       |     2 |     4 |    10 |    13 |     4 ||    33
Armor: Scale mail        |    77 |   120 |   283 |       |       |       ||   480
       Chain mail        |       |       |   116 |   743 |   595 |       ||  1454
       Plate armour      |       |       |       |       |   297 |   245 ||   542
       Crystal plate arm |       |       |       |       |       |   316 ||   316
Dodge: Dodged            |    47 |    64 |   224 |   328 |   386 |   134 ||  1183
Block: Shield            |    91 |   140 |   394 |   764 |  1046 |   710 ||  3145
